Map: Port Aleksander LE

Players

IlIlIlIlIlIl

  • Race: Protoss Protoss
  • League: Master
  • Spawn Location: 5:00

Lambo - Winner!

  • Race: Zerg Zerg
  • League: Grandmaster
  • Spawn Location: 11:00

VOD

Have the link to the VOD?

Description

Time

  • Played on: Dec. 2, 2018, 3:23 p.m.
  • Length: 6:55
Show
View Real Time Build Order
Export as new Build Order

IlIlIlIlIlIl Protoss 

Build Orders: 1 Gate Expand 

Get SALT Encoding   

  12  0:00  Probe  
  13  0:12  Probe  
  14  0:20  Pylon  
  14  0:25  Probe  
  15  0:34  Probe  
  15  0:42  Probe  
  16  0:45  Gateway  
  17  0:52  Probe  
  18  0:58  Assimilator  
  18  1:04  Probe  
  19  1:16  Probe  
  20  1:29  Nexus  
  20  1:40  Cybernetics Core  
  20  1:43  Probe  
  21  1:52  Assimilator  
  21  1:55  Probe  
  21  2:00  Pylon  
  22  2:07  Probe  
  22  2:08  Stalker  
  23  2:19  Probe, Warp Gate  
  26  2:30  Robotics Facility  
  26  2:33  Probe  
  27  2:40  Probe, Adept  
  27  2:43  Probe  
  30  2:49  Probe  
  30  2:51  Probe  
  31  2:57  Probe  
  33  3:01  Probe  
  35  3:10  Probe  
  36  3:13  Probe  
  37  3:21  Warp Prism  
  39  3:31  Pylon  
  39  3:33  Probe x2  
  41  3:40  Gateway  
  41  3:41  Probe x2, Gateway  
  43  3:49  Probe x2  
  43  3:51  Gateway  
  45  4:00  Assimilator  
  45  4:01  Assimilator  
  45  4:03  Immortal  
  45  4:04  Probe x2  
  47  4:16  Probe x2  
  53  4:20  Pylon  
  53  4:28  Probe  
  53  4:29  Gateway  
  53  4:30  Gateway  
  54  4:40  Immortal  
  54  4:43  Gateway x2  
  58  4:52  Sentry  
  58  4:54  Sentry  
  62  5:00  Pylon  
  62  5:01  Pylon  
  62  5:04  Pylon  
  62  5:08  Pylon  
  62  5:12  Observer  
  62  5:18  Sentry x3  
  62  5:19  Sentry  
  71  5:24  Sentry  
  71  5:26  Sentry  
  75  5:34  Pylon  
  75  5:43  Stalker x5  
  75  5:45  Sentry  
  75  5:48  Stalker  
  89  5:59  Pylon  
  89  6:08  Adept x5  
  99  6:12  Adept  
  101  6:18  Adept  
  101  6:19  Adept  
  75  6:45  Stalker x6  
Show
View Real Time Build Order
Export as new Build Order

Lambo Zerg - Winner!

Build Orders: Hatch First 

Get SALT Encoding   

  12  0:01  Drone  
  13  0:12  Overlord  
  13  0:18  Drone  
  14  0:31  Drone x2  
  16  0:49  Hatchery  
  15  0:52  Drone  
  15  0:56  Drone  
  17  0:59  Drone  
  18  1:10  Extractor  
  17  1:15  Spawning Pool  
  17  1:18  Drone  
  17  1:22  Drone  
  18  1:28  Drone  
  19  1:41  Drone  
  20  1:56  Overlord  
  20  2:02  Queen x2, Zergling x2  
  20  2:03  Zergling x2  
  26  2:11  Metabolic Boost  
  26  2:12  Drone  
  26  2:15  Drone  
  28  2:21  Drone  
  29  2:23  Drone  
  30  2:38  Hatchery  
  30  2:40  Drone  
  30  2:44  Drone  
  31  2:46  Drone  
  31  2:49  Overlord  
  32  2:56  Drone  
  32  2:57  Drone  
  34  3:08  Drone  
  34  3:09  Drone  
  34  3:10  Drone  
  38  3:12  Drone x2  
  38  3:14  Queen  
  38  3:16  Drone x2  
  41  3:20  Drone  
  41  3:21  Drone  
  43  3:28  Overlord  
  43  3:42  Lair  
  43  3:43  Zergling x2  
  43  3:44  Overlord  
  44  3:48  Roach Warren  
  44  3:49  Drone x4  
  44  3:50  Extractor  
  44  3:51  Extractor  
  44  3:53  Zergling x4  
  47  4:00  Zergling x6  
  51  4:06  Queen  
  53  4:10  Overlord  
  53  4:13  Drone x2  
  53  4:14  Overlord  
  55  4:18  Drone  
  55  4:19  Drone x2  
  55  4:22  Overlord  
  58  4:24  Overlord  
  58  4:30  Queen  
  60  4:35  Drone x2  
  60  4:36  Drone  
  60  4:38  Drone  
  64  4:42  Evolution Chamber  
  64  4:43  Extractor  
  64  4:45  Drone x2  
  64  4:50  Glial Reconstitution  
  64  4:51  Extractor  
  64  4:53  Roach x3  
  64  4:55  Overseer  
  64  4:59  Drone x3  
  73  5:00  Drone  
  73  5:04  Overlord  
  74  5:08  Overlord  
  74  5:12  Overlord  
  74  5:13  Roach x2  
  78  5:18  Roach x2  
  78  5:19  Roach  
  84  5:22  Overlord  
  84  5:24  Roach  
  84  5:26  Roach  
  84  5:27  Roach  
  90  5:28  Ravager  
  90  5:31  Zergling x2  
  90  5:32  Zergling x4  
  93  5:36  Zergling x4  
  93  5:37  Zergling x2  
  93  5:41  Zergling x8  
  98  5:44  Ravager x3  
  98  5:46  Zergling x2  
  98  5:47  Zergling x2  
  103  5:50  Zergling x4  
  103  5:51  Ravager  
  103  5:53  Roach  
  103  5:54  Zergling x4  
  110  5:58  Zergling x6  
  113  6:06  Zergling x2  
  113  6:07  Zergling x6  
  117  6:12  Zergling x2  
  117  6:13  Ravager x2  
  117  6:14  Ravager  
  117  6:15  Zergling x2  
  119  6:26  Zergling x2  
  119  6:27  Zergling x12  
  111  6:35  Zergling x8  
Tags
 
Add a new tag
Caveats
  • Supply blocks, unpowered buildings, or Contaminate may cause inaccurate times.
  • Supply counts are checked every 10 seconds.